 Dungeon Crawl Stone Soup version 0.31-a0-931-g7b59d4eb97 (webtiles) character file.

Game seed: 8218058774256242826

11880 DocEon the Severer (level 11, -1/148 HPs)
             Began as a Minotaur Berserker on Oct 19, 2023.
             Was a High Priest of Trog.
             Slain by a meliai
             ... wielding a +0 hand axe
              (2 damage)
             ... on level 11 of the Dungeon.
             The game lasted 00:06:43 (11236 turns).

DocEon the Severer (Minotaur Berserker)            Turns: 11236, Time: 00:06:44

Health: -1/148     AC: 16    Str: 27    XL:     11   Next: 55%
Magic:  10/10      EV: 10    Int:  6    God:    Trog [*****.]
Gold:   595        SH:  0    Dex: 15    Spells: 10/10 levels left

rFire   . . .        N - +7 battleaxe (heavy)
rCold   . . .        (shield currently unavailable)
rNeg    . . .        L - +0 plate armour
rPois   .            (helmet restricted)
rElec   .            y - +0 cloak
rCorr   .            (no gloves)
SInv    .            f - +1 pair of boots
Will    +++..        r - amulet "Qatwadug" {RegenMP Str+2 Int+2 Dex-2 Slay+3} Stlth
                     h - ring of willpower
HPRegen 1.44/turn    p - +6 ring of dexterity
MPRegen 0.52/turn

%: no passive effects
@: berserking, lethally poisoned (-1 -> -8), strong-willed, regenerating, very
quick
A: horns 2, retaliatory headbutt
a: Renounce Religion, Berserk, Trog's Hand, Brothers in Arms


You were on level 11 of the Dungeon.
You worshipped Trog.
Trog was extremely pleased with you.
You visited 1 branch of the dungeon, and saw 13 of its levels.
You also visited: Ossuary.

You collected 595 gold pieces.

Inventory:

Hand Weapons
 a - a +1 hand axe
 G - a +3 antimagic battleaxe
 J - a +4 battleaxe
 N - a +7 heavy battleaxe (weapon)
Armour
 f - a +1 pair of boots (worn)
 y - a +0 cloak (worn)
 L - a +0 plate armour (worn)
Jewellery
 g - a ring of positive energy
 h - a ring of willpower (left hand)
 p - a +6 ring of dexterity (right hand)
 r - the amulet "Qatwadug" (around neck) {RegenMP Str+2 Int+2 Dex-2 Slay+3}
   (You acquired it on level 6 of the Dungeon)

   [amulet of magic regeneration]

   RegenMP:   It increases your rate of magic regeneration.
   Str+2:     It affects your strength (+2).
   Int+2:     It affects your intelligence (+2).
   Dex-2:     It affects your dexterity (-2).
   Slay+3:    It affects your accuracy & damage with ranged weapons and melee
   (+3).
 H - an amulet of magic regeneration
Wands
 n - a wand of quicksilver (17)
 B - a wand of flame (5)
 F - a wand of mindburst (23)
 I - a wand of roots (11)
Scrolls
 c - 9 scrolls of teleportation
 e - 5 scrolls of blinking
 i - 2 scrolls of enchant armour
 j - 2 scrolls of fog
 t - a scroll of enchant weapon
 x - 2 scrolls of noise
 z - 3 scrolls of vulnerability
 D - a scroll of identify
 M - a scroll of immolation
Potions
 b - a potion of berserk rage {unknown}
 d - 4 potions of lignification
 k - 2 potions of brilliance
 l - 3 potions of curing
 m - 3 potions of attraction
 o - a potion of enlightenment
 q - 2 potions of invisibility
 s - a potion of degeneration
 u - 2 potions of heal wounds
 v - a potion of cancellation
 w - a potion of ambrosia
 A - a potion of mutation
 C - 2 potions of might
 E - 3 potions of haste {unknown}
 K - a potion of resistance {unknown}


   Skills:
 * Level 9.8 Fighting
 + Level 17.9 Axes
 + Level 6.8 Armour
 + Level 6.2 Dodging


You had 10 spell levels left.
You didn't know any spells.
Your spell library was empty.

Dungeon Overview and Level Annotations

Branches:
Dungeon (13/15)            Temple (0/1) D:6            Lair (0/5) D:11
    Orc (0/2) D:11        Ossuary (visited)
 Vaults: D:13-14

Altars:
Dithmenos
Elyvilon
Fedhas
Gozag
Kikubaaqudgha
Nemelex Xobeh
Qazlal
Vehumet
Wu Jian
Xom
The Shining One

Shops:
D:8 (

Annotations:
D:3 1 transporter
D:11 Erolcha


Innate Abilities, Weirdness & Mutations

You have a pair of horns on your head.
You reflexively headbutt those who attack you in melee.


Message History

Erolcha is severely wounded.
You hear a shout! x4; You hear an angry buzzing noise.
You hear a shout!
A troll comes into view.
An orc wizard comes into view. It is wielding a +0 dagger.
Erolcha zaps a wand.
The puff of flame misses you.
A meliai comes into view. It is wielding a +0 hand axe.
The meliai buzzes angrily.
You hear a shout!
Erolcha hits you with a +0 giant club!
You are too injured to fight recklessly!
A kobold comes into view. It is wielding a +0 dagger.
An orc wizard comes into view. It is wielding a +0 dagger.
The orc wizard gestures at you while chanting.
The puff of flame hits you.
The kobold throws a stone.
The stone closely misses you. Erolcha attacks as she pursues you!
Erolcha closely misses you.
You are too injured to fight recklessly!
The meliai hits you with a +0 hand axe!
* * * LOW HITPOINT WARNING * * *
The meliai stings you but does no damage.
You are too injured to fight recklessly!
You are too injured to fight recklessly!
Your skin crawls.
You feel strong-willed. The meliai hits you but does no damage.
The meliai stings you!
* * * LOW HITPOINT WARNING * * *
You are poisoned.
The meliai poisons you!
Erolcha points at you and mumbles some strange words.
You resist with almost no effort.
An orc knight comes into view.
It is wielding a +0 battleaxe of electrocution.
The meliai mumbles some strange prayers to its god against you.
Something smites you!
* * * LOW HITPOINT WARNING * * *
A red film seems to cover your vision as you go berserk!
You feel yourself moving faster!
You feel mighty!
* * * LOW HITPOINT WARNING * * *
You feel very sick.
The orc knight shouts!
You hear a shout!
The meliai hits you but does no damage. The meliai stings you.
You die...

.................#
......................#
.o................:...#
...............#.....#
..............#.....#
#'###.o.........###.....
.o.K...........# #.....
#..y..))...## ##....
#..@.O)....# #....
#..T..)...## ##...
#..K......# #...
#........## ##..
#........# #..
.'.......## ##.
###.......# #. .......##
## #


You could see an orc knight, Erolcha, a troll, a meliai, 2 orc wizards and 2
kobolds.

Vanquished Creatures
  2 two-headed ogres (D:9)
  Pikel (D:5)
  2 manticores
  A cyclops (D:13)
  A kobold demonologist (D:9)
  An unseen horror (D:11)
  Psyche (D:11)
  The ghost of lunkers the Insei, an amateur MeSh (D:3)
  Prince Ribbit (D:8)
  A troll (D:12)
  A shadow (D:10)
  Eustachio (D:5)
  A wraith (D:9)
  2 wyverns (D:10)
  10 yaks
  A steam dragon (D:7)
  3 wargs (D:11)
  An acid dragon (D:10)
  2 water moccasins
  An ice beast (D:8)
  2 orc warriors
  An ogre (D:4)
  11 centaurs
  A lemure (D:5)
  A phantom (D:5)
  9 bullfrogs
  6 kobold brigands
  2 elf zombies (Ossuary)
  3 scorpions
  6 wights
  6 killer bees (D:10)
  2 electric eels (D:8)
  8 howler monkeys
  3 centaur zombies (Ossuary)
  2 human zombies (Ossuary)
  2 quasits (D:3)
  Crazy Yiuf (D:5)
  3 hounds
  2 jellies (D:5)
  3 orc priests
  2 gnoll boudas
  Natasha (thrice) (D:4)
  2 sleepcaps
  An iguana (D:4)
  8 orc wizards
  2 mummies (Ossuary)
  9 gnolls
  11 adders
  An adder zombie (Ossuary)
  2 worms
  2 dart slugs
  29 orcs
  7 endoplasms
  3 giant cockroaches
  7 goblins
  7 hobgoblins
  3 jackals (D:3)
  3 quokkas
  8 ball pythons
  3 bats
  4 frilled lizards
  A goblin zombie (D:6)
  10 hobgoblin zombies (Ossuary)
  2 jackal zombies (Ossuary)
  33 kobolds
  10 kobold zombies (Ossuary)
  5 orc zombies (Ossuary)
  6 rats
  3 rat zombies
296 creatures vanquished.

Vanquished Creatures (others)
  A wight (D:7)
1 creature vanquished.

Grand Total: 297 creatures vanquished

Notes
Turn   | Place    | Note
-------+----------+-------------------------------------------
     0 | D:1      | DocEon the Minotaur Berserker began the quest for the Orb.
     0 | D:1      | Reached XP level 1. HP: 19/19 MP: 0/0
   237 | D:1      | Reached skill level 4 in Axes
   459 | D:1      | Reached XP level 2. HP: 26/26 MP: 1/1
  1256 | D:2      | Reached skill level 5 in Axes
  1263 | D:2      | Reached XP level 3. HP: 26/31 MP: 2/2
  1265 | D:2      | Reached ** piety under Trog
  1386 | D:2      | Reached skill level 6 in Axes
  1386 | D:2      | Reached XP level 4. HP: 39/39 MP: 3/3
  1978 | D:3      | Found a transporter.
  2189 | D:3      | Found a sparkling altar of Nemelex Xobeh.
  2226 | D:3      | Found a transporter.
  2568 | D:3      | Noticed lunkers's ghost (amateur MeSh)
  2594 | D:3      | Reached skill level 7 in Axes
  2594 | D:3      | Reached XP level 5. HP: 45/45 MP: 4/4
  2603 | D:3      | Killed lunkers's ghost
  2604 | D:3      | Reached skill level 8 in Axes
  2604 | D:3      | Reached XP level 6. HP: 51/51 MP: 5/5
  2814 | D:4      | Reached skill level 9 in Axes
  2878 | D:4      | Reached *** piety under Trog
  3133 | D:4      | Reached XP level 7. HP: 57/57 MP: 6/6
  3174 | D:4      | Noticed Natasha
  3183 | D:4      | Killed Natasha
  3187 | D:4      | Reached skill level 10 in Axes
  3368 | D:4      | Noticed Natasha
  3375 | D:4      | Killed Natasha
  3471 | D:4      | Noticed Natasha
  3472 | D:4      | Found a white marble altar of Elyvilon.
  3475 | D:4      | Killed Natasha
  3512 | D:4      | Found an ornate altar of the Wu Jian Council.
  3630 | D:4      | Found a shimmering altar of Xom.
  3648 | D:4      | Reached skill level 11 in Axes
  3653 | D:4      | Found a radiant altar of Vehumet.
  4101 | D:5      | Entered Level 5 of the Dungeon
  4107 | D:5      | Reached XP level 8. HP: 51/64 MP: 7/7
  4153 | D:5      | Noticed Eustachio
  4171 | D:5      | Killed Eustachio
  4172 | D:5      | Reached skill level 12 in Axes
  4247 | D:5      | Reached **** piety under Trog
  4588 | D:5      | Noticed Pikel
  4605 | D:5      | Killed Pikel
  4606 | D:5      | Reached skill level 13 in Axes
  4787 | D:5      | Found a runed translucent door.
  4788 | D:5      | Noticed Crazy Yiuf
  4905 | D:5      | Found a large runed translucent door.
  4906 | D:5      | Found a large runed translucent door.
  4942 | D:5      | Found a shadowy altar of Dithmenos.
  4965 | D:5      | Found a glowing golden altar of the Shining One.
  4977 | D:5      | Reached skill level 14 in Axes
  5095 | D:5      | Killed Crazy Yiuf
  5184 | D:6      | Identified a scroll of acquirement
  5184 | D:6      | Acquired the amulet "Qatwadug" {RegenMP Str+2 Int+2 Dex-2
                  | Slay+3}
  5200 | D:6      | Found a staircase to the Ecumenical Temple.
  5229 | D:6      | Reached XP level 9. HP: 33/70 MP: 8/8
  5477 | D:6      | Found a sand-covered staircase.
  5494 | Ossuary  | Entered an ossuary
  5725 | Ossuary  | Reached skill level 15 in Axes
  5881 | D:6      | Reached ***** piety under Trog
  6893 | D:7      | Reached skill level 16 in Axes
  8011 | D:8      | Received a gift from Trog
  8084 | D:8      | Reached XP level 10. HP: 78/78 MP: 3/9
  8240 | D:8      | Noticed Prince Ribbit
  8248 | D:8      | Killed Prince Ribbit
  8383 | D:8      | Found Fasonat's Weapon Shoppe.
  8454 | D:8      | Reached skill level 17 in Axes
  8815 | D:9      | Reached skill level 5 in Fighting
  9025 | D:9      | Found an ancient bone altar of Kikubaaqudgha.
  9025 | D:9      | Noticed a two-headed ogre
  9037 | D:9      | Killed a two-headed ogre
  9512 | D:9      | Found an opulent altar of Gozag.
  9544 | D:9      | Noticed a two-headed ogre
  9553 | D:9      | Killed a two-headed ogre
  9704 | D:9      | Reached skill level 5 in Armour
 10027 | D:10     | Entered Level 10 of the Dungeon
 10272 | D:10     | Reached skill level 5 in Dodging
 10272 | D:10     | Reached XP level 11. HP: 94/94 MP: 3/10
 10286 | D:10     | Found a stormy altar of Qazlal.
 10503 | D:10     | You fall into a shaft and drop 3 floors!
 10530 | D:13     | Identified the +1 ring mail "Guecoa Doirgh" {rElec rF++
                  | Dex-5}
 10567 | D:13     | Found a blossoming altar of Fedhas.
 10967 | D:11     | Found a staircase to the Lair.
 10981 | D:11     | Received a gift from Trog
 11113 | D:11     | Found a staircase to the Orcish Mines.
 11139 | D:11     | Noticed Psyche
 11145 | D:11     | Killed Psyche
 11224 | D:11     | Noticed Erolcha
 11235 | D:11     | Noticed an orc knight
 11235 | D:11     | HP: 3/99 [meliai/divine providence (13)]
 11236 | D:11     | HP: 1/148 [poisoned by a meliai]
 11236 | D:11     | Slain by a meliai

Illustrated notes

Levels and vault maps discovered:
D:1:      zaba_arrival_water, layout_basic, minmay_misc_feat_columns,
          minmay_misc_feat_hallway
D:2:      layout_basic
D:3:      layout_loops_cross, nemelex_dance_club_becter,
          gammafunk_ghost_stat_death
D:4:      cheibrodos_thug_alley, layout_loops_ring,
          mainiacjoe_overflow_catch_the_wave, nicolae_wu_jian_wuxing_cycle,
          elyvilon_altar_4, uniq_natasha
D:5:      layout_gridville, jmf_multi_god_temple2, uniq_pikel,
          uniq_crazy_yiuf_cottage, uniq_eustachio
D:6:      layout_gridville, minmay_temple_entry_waves, enter_ossuary_4
D:7:      layout_basic
D:8:      layout_rooms, serial_shops, shop,
          nicolae_concentric_dashed_squares_wild, serial_bayou_lake_a,
          uniq_prince_ribbit1
D:9:      layout_roguey, nicolae_kikubaaqudgha_miasma_corner,
          kennysheep_little_box
D:10:     layout_long_grid, mainiacjoe_overflow_boulevard, kennysheep_mini_moat
D:11:     minmay_diamond_stairs, layout_irregular_city,
          erik_lair_orcish_takeover, serial_shops, shop, serial_glass,
          glass_columns_a, glass_columns_c, uniq_psyche, uniq_erolcha
D:12:     layout_irregular_city, tso_oasis_becter
D:13:     layout_loops_ring, hellmonk_vaults_keyhole, ebering_ghost_xom,
          chequers_serial_rivers_small_a, fedhas_ov_isle_minmay

Skill      XL: |  1  2  3  4  5  6  7  8  9 10 11 |
---------------+----------------------------------+-----
Axes           | 4 5 6 7 8 9 11 14 16 17 | 17.9
Fighting       | 8 9 |  9.8
Armour         | 5 6 |  6.8
Dodging        | 5 6 |  6.2

Action                     |  1- 3 |  4- 6 |  7- 9 | 10-12 || total
---------------------------+-------+-------+-------+-------++-------
  Melee: Hand axe          |    78 |    94 |   323 |       ||   495
         Headbutt          |     9 |    12 |    82 |    30 ||   133
         Punch             |       |       |     2 |       ||     2
         Battleaxe         |       |       |     3 |   161 ||   164
 Invoke: Berserk           |       |     2 |     5 |     3 ||    10
         Trog's Hand       |       |       |       |     1 ||     1
  Evoke: Wand              |       |       |       |     2 ||     2
    Use: Scroll            |       |     6 |    14 |     5 ||    25
   Stab: Sleeping          |       |       |     1 |       ||     1
 Armour: Animal skin       |    49 |    70 |   201 |    46 ||   366
         Plate armour      |       |       |       |   134 ||   134
  Dodge: Dodged            |    47 |    56 |   161 |    98 ||   362

Table legend: (Time is in decaauts)
 A = Elapsed time spent in this place.
 B = Non-inter-level travel time spent in this place.
 C = Inter-level travel time spent in this place.
 D = Time resting spent in this place.
 E = Time spent auto-exploring this place.
 F = Levels seen in this place.
 G = Mean time per level.
                   A        B        C        D        E       F      G
               +--------+--------+--------+--------+--------+-----+--------+
         Total |  11241 |  10979 |    262 |   1630 |   7911 |  14 |  802.9 |
       Dungeon |  10911 |  10649 |    262 |   1630 |   7698 |  13 |  839.3 |
       Ossuary |    329 |    329 |      0 |      0 |    213 |   1 |  329.0 |
               +--------+--------+--------+--------+--------+-----+--------+

Top non-repeatable levels by time:
     D:4: 1297 daAuts
     D:9: 1227 daAuts
     D:6: 1185 daAuts
     D:7: 1105 daAuts
     D:5: 1093 daAuts
     D:3: 1059 daAuts
     D:1: 1030 daAuts
     D:8: 983 daAuts
     D:2: 731 daAuts
    D:10: 469 daAuts
    D:12: 355 daAuts
 Ossuary: 329 daAuts
    D:11: 302 daAuts
    D:13: 71 daAuts
